Map: [TLMC15] Curious Minds

Players

DPGZest (Zest) - Winner!

  • Race: Protoss Protoss
  • League: Master

Serral

  • Race: Zerg Zerg

Event: StayAtHome Story Cup #4

VOD

Have the link to the VOD?

Description

Time

  • Played on: Oct. 22, 2021, 7:52 a.m.
  • Length: 8:48

All games in this series

Show
View Real Time Build Order
Export as new Build Order

DPGZest Protoss - Winner!

Build Orders: 1 Gate Expand 

Get SALT Encoding   

  12  0:00  Probe  
  13  0:12  Probe  
  14  0:20  Pylon  
  14  0:24  Probe  
  15  0:38  Probe (Chrono Boost)  
  15  0:41  Gateway  
  16  0:47  Probe (Chrono Boost)  
  17  0:50  Assimilator  
  17  0:52  Probe (Chrono Boost)  
  18  1:04  Probe  
  19  1:16  Probe  
  20  1:27  Nexus  
  20  1:36  Cybernetics Core  
  20  1:39  Probe  
  21  1:44  Assimilator  
  21  1:51  Probe  
  22  1:54  Pylon  
  22  2:03  Probe (Chrono Boost)  
  23  2:13  Adept  
  23  2:14  Probe (Chrono Boost)  
  26  2:17  Stargate  
  26  2:19  Probe (Chrono Boost)  
  27  2:25  Warp Gate  
  27  2:31  Probe (Chrono Boost)  
  28  2:39  Probe (Chrono Boost)  
  28  2:42  Adept  
  32  2:48  Probe x2 (Chrono Boost)  
  33  2:52  Void Ray (Chrono Boost)  
  33  2:53  Probe (Chrono Boost)  
  33  2:54  Probe  
  35  3:05  Probe  
  40  3:06  Probe  
  40  3:09  Pylon  
  41  3:17  Probe  
  42  3:21  Twilight Council  
  42  3:24  Gateway  
  42  3:28  Probe  
  42  3:29  Probe  
  44  3:41  Probe x2  
  45  3:42  Gateway x2  
  46  3:54  Resonating Glaives (Chrono Boost)  
  46  3:57  Nexus  
  46  4:05  Pylon  
  46  4:12  Pylon  
  46  4:14  Probe x2  
  48  4:17  Adept  
  48  4:18  Adept  
  48  4:23  Assimilator  
  52  4:27  Probe  
  52  4:28  Probe, Assimilator  
  54  4:38  Adept  
  54  4:39  Protoss Air Weapons Level 1, Adept x2  
  54  4:41  Adept  
  54  4:44  Pylon  
  62  4:49  Pylon  
  62  5:03  Adept x4  
  70  5:07  Probe x2  
  72  5:15  Probe  
  72  5:19  Probe x2  
  75  5:27  Probe  
  76  5:31  Probe x2  
  76  5:39  Probe, Void Ray  
  73  5:43  Probe x2  
  73  5:46  Stargate  
  73  5:47  Stargate  
  79  5:51  Probe  
  79  5:55  Shield Battery, Probe x2  
  78  6:01  Fleet Beacon  
  78  6:03  Forge, Probe  
  79  6:06  Shield Battery  
  79  6:07  Probe x2  
  79  6:09  Pylon  
  81  6:14  Pylon  
  81  6:15  Probe  
  82  6:19  Probe x2  
  82  6:20  Pylon  
  82  6:21  Assimilator  
  82  6:24  Assimilator  
  84  6:28  Probe  
  84  6:32  Probe x2  
  87  6:40  Probe  
  87  6:46  Carrier x2 (Chrono Boost)  
  87  6:47  Photon Cannon  
  100  6:48  Pylon  
  100  7:03  Nexus  
  100  7:04  Carrier (Chrono Boost)  
  100  7:05  Probe x2  
  108  7:15  Flux Vanes  
  108  7:17  Pylon  
  108  7:19  Pylon  
  108  7:26  Void Ray x2 (Chrono Boost)  
  116  7:44  Photon Cannon, Shield Battery  
  116  7:47  Void Ray (Chrono Boost)  
  116  7:59  Sentry  
  116  8:00  Zealot x3, Void Ray (Chrono Boost)  
  118  8:10  Void Ray (Chrono Boost)  
  124  8:18  Photon Cannon  
  124  8:19  Gateway  
  124  8:20  Gateway  
  124  8:21  Stalker x3  
  124  8:25  Stalker  
  136  8:28  Photon Cannon  
  136  8:31  Shield Battery  
Show
View Real Time Build Order
Export as new Build Order

Serral Zerg 

Build Orders: Hatch First 

Get SALT Encoding   

  12  0:00  Drone  
  13  0:12  Overlord  
  13  0:17  Drone  
  14  0:30  Drone x2  
  16  0:41  Drone  
  17  0:51  Hatchery  
  17  0:54  Drone  
  17  0:57  Drone  
  18  1:07  Extractor  
  17  1:14  Spawning Pool  
  17  1:16  Drone  
  17  1:19  Drone  
  18  1:28  Drone  
  19  1:39  Drone  
  20  1:49  Overlord  
  20  2:01  Queen  
  20  2:03  Queen  
  20  2:04  Zergling x4  
  26  2:10  Drone  
  26  2:13  Metabolic Boost  
  26  2:14  Drone  
  28  2:21  Drone  
  29  2:24  Drone  
  30  2:39  Queen  
  30  2:42  Hatchery  
  31  2:44  Drone  
  31  2:48  Drone  
  31  2:51  Overlord  
  33  2:53  Drone  
  34  2:59  Drone  
  34  3:01  Overlord  
  34  3:04  Zergling x2  
  36  3:10  Queen  
  38  3:16  Drone x4  
  41  3:21  Drone x2  
  41  3:25  Queen  
  45  3:29  Drone  
  45  3:32  Overlord  
  46  3:35  Drone  
  46  3:37  Overlord  
  47  3:42  Drone  
  47  3:46  Drone  
  47  3:47  Zergling x4  
  51  3:54  Spore Crawler  
  51  3:55  Spore Crawler  
  49  3:58  Zergling x2  
  49  3:59  Drone x4  
  49  4:00  Drone  
  55  4:08  Zergling x2  
  55  4:09  Drone x2  
  57  4:16  Drone  
  57  4:19  Queen  
  57  4:21  Zergling x2  
  57  4:22  Overlord  
  57  4:23  Drone x2  
  62  4:28  Drone  
  62  4:29  Roach Warren  
  62  4:30  Drone  
  63  4:34  Spore Crawler  
  63  4:36  Drone x4  
  66  4:40  Zergling x2  
  66  4:43  Drone  
  66  4:44  Drone  
  69  4:45  Lair  
  69  4:48  Extractor  
  69  4:49  Drone x2, Extractor  
  69  4:52  Overlord  
  69  4:54  Drone, Zergling x2  
  69  4:56  Overlord  
  69  4:58  Drone x2  
  73  5:01  Overlord  
  73  5:05  Overlord  
  73  5:10  Roach  
  73  5:11  Roach  
  77  5:15  Roach x2  
  77  5:17  Roach x2, Evolution Chamber  
  77  5:18  Evolution Chamber  
  77  5:21  Roach x2  
  84  5:30  Evolution Chamber  
  84  5:31  Roach, Evolution Chamber  
  84  5:32  Roach x2  
  88  5:42  Roach x2  
  82  5:58  Drone x8  
  82  6:03  Drone  
  91  6:07  Extractor x2  
  91  6:09  Extractor  
  87  6:12  Drone x2  
  87  6:17  Glial Reconstitution  
  89  6:21  Zergling x6  
  92  6:29  Drone x4  
  92  6:31  Zerg Missile Weapons Level 1  
  96  6:34  Drone x2  
  96  6:35  Drone x3  
  96  6:37  Overlord  
  96  6:39  Drone x3  
  104  6:43  Hatchery  
  104  6:44  Baneling Nest  
  104  6:45  Roach x2  
  106  6:47  Pneumatized Carapace  
  106  6:49  Overseer  
  106  6:51  Roach  
  108  6:56  Roach x2  
  108  6:57  Roach x2  
  116  7:02  Overlord  
  116  7:03  Overlord x4  
  116  7:06  Drone  
  116  7:08  Infestation Pit  
  116  7:09  Roach x2  
  120  7:17  Overlord  
  120  7:18  Overlord  
  120  7:21  Roach x2  
  124  7:23  Roach  
  124  7:26  Roach x3  
  130  7:31  Roach x4  
  138  7:40  Queen  
  142  7:44  Queen  
  142  7:50  Drone  
  142  7:51  Spire  
  136  7:53  Drone x3  
  136  7:57  Queen  
  138  7:59  Drone x2  
  138  8:01  Drone  
  138  8:04  Drone x3  
  138  8:05  Drone  
  128  8:14  Drone x2  
  128  8:18  Spore Crawler  
  128  8:19  Spore Crawler  
  130  8:27  Spore Crawler x2  
  130  8:29  Spore Crawler  
  130  8:34  Spore Crawler  
Tags
 
Add a new tag
Caveats
  • Supply blocks, unpowered buildings, or Contaminate may cause inaccurate times.
  • Supply counts are checked every 10 seconds.